Unix NetHack Version 5.0.0-0 post-release - last build Jul 14 2026 02:55:29 (1809b74e8187c3a3585e283601c3028b46cbbdcb,branch:main).

Game began 2026-07-15 17:47:04, ended 2026-07-15 18:06:23.

Brudee, chaotic female human Rogue

                      ---------------------------------
                      |...............................|
            -----     |...-----------.------...------.|
            |...|     |...|.(((|    |.|.(((|...|?+!.-.|
            |...|     |...|.(((|    |.|.%](|...|?!/.|.|
            |...|     |...-.(((|    +.-.((]|...|+?..|.|
            |...|     |...|----------.------...------.|
            -.-|-     |...|%%%|....|....{.............|
            ##)#      |..%|!%!|._..|.......----+--....|
             # *#     |...|%%%|....|.......|     |....|
             #  #     |...|...|....|{......|     |.....
         ----.--.-   #|...---|---|--.......-+-----....|       -.....
         |.o.....|   #............))..................|        ------
         |...o...)####|...-----|--+----.......--+----.|
         |.).oo.o|   #|...-.  ..|     |.......|    .-.|
         |..)..@.|    -...|..|..|    .-.......|  |..|.|
         |...)..)|    -----------   -----------  ------
         ---------

Brudee the Rogue        St:13 Dx:18 Co:13 In:9 Wi:11 Ch:12  Chaotic S:2067
Dlvl:6  $:27 HP:0(30) Pw:28(28) AC:1  Xp:6/440 T:1456 

Latest messages:
 In what direction? k
 The dagger hits the Uruk-hai.
 In what direction? k
 You throw 2 daggers.
 The dagger slips as you throw it!
 The Uruk-hai picks up a greased +0 dagger.
 The Uruk-hai picks up an iron skull cap.
 w - 2 greased +0 daggers (at the ready) (6 in total).
 You feel strong!
 You must have been exercising diligently.
 In what direction? y
 You throw 2 daggers.
 The dagger slips as you throw it!
 The Uruk-hai removes an iron skull cap and puts on another iron skull cap.
 The Uruk-hai shoots 2 poisoned crude arrows!
 The 1st poisoned crude arrow misses the Uruk-hai.
 The 1st poisoned crude arrow hits the Uruk-hai!
 The poison doesn't seem to affect the Uruk-hai.
 The 2nd poisoned crude arrow misses the Uruk-hai.
 The 2nd poisoned crude arrow hits the Uruk-hai.
 The poison doesn't seem to affect the Uruk-hai.
 The Uruk-hai swings his crude bow.
 The Uruk-hai hits!
 In what direction? y
 You throw 3 daggers.
 The 1st dagger hits the Uruk-hai.
 The 2nd dagger hits the Uruk-hai.
 You kill the Uruk-hai!
 The 3rd dagger hits the Uruk-hai.
 The Uruk-hai picks up a greased +0 dagger.
 You hear the splashing of a naiad.
 w - 2 greased +0 daggers (at the ready) (3 in total).
 The Uruk-hai shoots 2 poisoned crude arrows!
 You are hit by the 1st poisoned crude arrow.
 The 2nd poisoned crude arrow misses you.
 In what direction? u
 The dagger hits the Uruk-hai.
 The Uruk-hai wields 5 greased +0 daggers!
 In what direction? u
 The dagger hits the Uruk-hai.
 The Uruk-hai swings her crude bow.
 The Uruk-hai hits!
 In what direction? u
 The dagger hits the Uruk-hai.
 The Uruk-hai picks up a coarse mantelet.
 The Uruk-hai thrusts one of his daggers.
 The Uruk-hai hits!
 You die...
 Do you want your possessions identified? [ynq] (y) y
 Do you want to see your attributes? [ynq] (y) q

Inventory:
 Coins    ('$')
  $ - 27 gold pieces
 Amulets  ('"')
  v - an uncursed amulet of guarding (being worn)
 Weapons  (')')
  b - 2 +0 daggers
  D - a +0 dagger (weapon in right hand)
 Armor    ('[')
  j - a blessed greased +0 plate mail (being worn)
 Potions  ('!')
  d - 2 uncursed potions of sickness
 Tools    ('(')
  i - an empty uncursed sack
  g - an uncursed blindfold
  e - an uncursed lock pick
  m - an uncursed skeleton key

Brudee the Rogue's attributes:

Background:
 You were a Rogue, level 6 female human.
 You were chaotic, on a mission for Kos
 who was opposed by Issek (lawful) and Mog (neutral).
 You were right-handed.
 You were in the Gnomish Mines, on level 6.
 You entered the dungeon 1456 turns ago.
 There was a new moon in effect when your adventure ended.
 You had 440 experience points, 200 more were needed to attain level 7.
 Your score was 2067 before end-of-game adjustments.

Basics:
 You had 0 out of 30 hit points.
 You had all 28 energy points (spell power).
 Your armor class was 1.
 Your wallet contained 27 zorkmids.
 Autopickup was on for '$!=+?/"' plus thrown.

Final Characteristics:
 Your strength was 13 (limit:18/100).
 Your dexterity was 18 (limit:18).
 Your constitution was 13 (limit:18).
 Your intelligence was 9 (limit:18).
 Your wisdom was 11 (limit:18).
 Your charisma was 12 (limit:18).

Final Status:
 You weren't hungry.
 You were unencumbered.
 You were wielding a dagger.
 You were skilled in dagger.

Final Attributes:
 You were devoutly aligned.
 You were stealthy.
 You had a small defense bonus (+2).
 You were protected.
 Your spell casting was impaired by metallic armor.
 You are dead.

Miscellaneous:
 You didn't encounter any bones levels.
 Total elapsed playing time was 19 minutes and 19 seconds.

Major events:
 Turn
    1: Brudee the chaotic female human Rogue entered the dungeon
  276: entered the Gnomish Mines
  427: attained the rank of Cutpurse (level 3)
  942: reached Mine Town
 1065: attained the rank of Rogue (level 6)
 1456: killed by an Uruk-hai

Spells:
 Name                 Level Category     Fail Retention
 knock                  1   matter       100%  76%-100%

Skills:
 Fighting Skills
   bare handed combat [Unskilled]
   two weapon combat  [Unskilled]
   riding             [Unskilled]
 Weapon Skills
   dagger             [Skilled]
   knife              [Unskilled]
   short sword        [Basic]
   broadsword         [Unskilled]
   long sword         [Unskilled]
   two-handed sword   [Unskilled]
   saber              [Unskilled]
   club               [Unskilled]
   mace               [Unskilled]
   morning star       [Unskilled]
   flail              [Unskilled]
   hammer             [Unskilled]
   polearms           [Unskilled]
   spear              [Unskilled]
   crossbow           [Unskilled]
   dart               [Unskilled]
   shuriken           [Unskilled]
 Spellcasting Skills
   divination spells  [Unskilled]
   escape spells      [Unskilled]
   matter spells      [Unskilled]

Voluntary challenges:
 Character rerolling was not enabled.
 You never genocided any monsters.
 You never polymorphed an object.
 You used no wishes.
Achievements:
 You entered the Gnomish Mines.
 You attained the rank of Cutpurse.
 You entered Minetown.
 You entered a temple.
 You entered a shop.
 You attained the rank of Rogue.

 The Dungeons of Doom: levels 1 to 2
    Level 1:
       A fountain.
    Level 2:
       Many fountains.
       Stairs down to The Gnomish Mines.
 The Gnomish Mines: levels 3 to 6
    Level 3:
    Level 4:
    Level 5:
    Level 6: <- You were here.
       Many shops, a temple and an altar, some fountains.
       Final resting place for
          you, killed by an Uruk-hai.


Vanquished creatures:
  a small mimic
  3 Uruk-hai
  a violet fungus
  5 gnome leaders
  2 gnomish wizards
  a straw golem
  8 dwarves
 an iguana
  4 manes
 21 gnomes
  3 jackals
  a fox
  a goblin
  a grid bug
  a lichen
  2 kobold zombies
  a newt
57 creatures vanquished.

No species were genocided or became extinct.

Game over:
                       ----------
                      /          \
                     /    REST    \
                    /      IN      \
                   /     PEACE      \
                  /                  \
                  |      Brudee      |
                  |      27 Au       |
                  |   killed by an   |
                  |     Uruk-hai     |
                  |                  |
                  |                  |
                  |       2026       |
                 *|     *  *  *      | *
        _________)/\\_//(\/(/\)/\//\/|_)_______

Goodbye Brudee the Rogue...

You died in The Gnomish Mines on dungeon level 6 with 2065 points,
and 27 pieces of gold, after 1456 moves.
You were level 6 with a maximum of 30 hit points when you died.

